Description

this is a test build(dont take it seriously)

Build Order

Get SALT Encoding   

  13  0:15  Overlord  
  16  0:50  Hatchery  
  17  0:53  Spawning Pool  
  18  0:55  Extractor  
  20  1:00  Overlord  
  21  1:01  Queen  
  22  1:05  Queen  
  23  1:07  Zergling  
  24  1:08  Zergling  
  25  1:09  Zergling  
  26  1:10  Zergling  
  28  1:20  Hatchery  
  29  1:30  Queen  
  31  1:35  Metabolic Boost  
  31  1:40  Overlord  
  31  1:45  Lair  
  32  1:50  Evolution Chamber  
  32  1:52  Evolution Chamber  
  33  1:55  Roach Warren  
  38  2:15  Overlord  
Spawning Tool Build Advisor. Get it on Overwolf

Go to:

Details

  • Created by: alemarotti1
  • Published on: Jun 25, 2020
  • Modified on: Jun 26, 2020
  • Patch: 4.11.0
  • Difficulty: Medium
Show
View Real Time Build Order
Export as new Build Order

Comments (0)

There are no comments. Be the first!

Create an account to comment!